 Dungeon Crawl Stone Soup version 0.30.1-6-gbe392663c4 (webtiles) character file.

Game seed: 1944323628542129894

2134 Ivernyr the Slasher (level 9, -1/47 HPs)
             Began as a Vine Stalker Gladiator on Sept 21, 2023.
             Was an Initiate of Wu Jian.
             Succumbed to a killer bee's poison
             ... on level 7 of the Dungeon.
             The game lasted 00:11:50 (5365 turns).

Ivernyr the Slasher (Vine Stalker Gladiator)        Turns: 5365, Time: 00:11:51

Health: -1/47      AC:  9    Str: 17    XL:     9   Next: 30%
Magic:  0/10       EV: 19    Int:  8    God:    Wu Jian [......]
Gold:   302        SH:  0    Dex: 20    Spells: 8/8 levels left

rFire   . . .        a - +0 long sword
rCold   . . .        (no shield)
rNeg    + . .        b - +0 leather armour
rPois   .            c - +0 helmet
rElec   .            I - +2 cloak {rCorr}
rCorr   +            (no gloves)
SInv    .            o - +0 pair of boots
Will    +....        s - amulet of the acrobat
Stlth   +            j - +5 ring of evasion
HPRegen 1.07/turn    u - ring of positive energy
MPRegen 0.12/turn

%: acrobat, guardian spirit
@: lethally poisoned (-1 -> -6)
A: fangs 3, regeneration 1, magic shield, antimagic bite, no potion heal 2
a: Renounce Religion


You were on level 7 of the Dungeon.
You worshipped Wu Jian.
Wu Jian was noncommittal.
You visited 2 branches of the dungeon, and saw 8 of its levels.
You also visited: Ossuary.

You collected 302 gold pieces.

Inventory:

Hand Weapons
 a - a +0 long sword (weapon)
Missiles
 d - 3 throwing nets (quivered)
 e - 4 javelins
Armour
 b - a +0 leather armour (worn)
 c - a +0 helmet (worn)
 o - a +0 pair of boots (worn)
 I - a +2 cloak of preservation (worn)
Jewellery
 j - a +5 ring of evasion (left hand)
 s - an amulet of the acrobat (around neck)
 u - a ring of positive energy (right hand)
 G - a ring of see invisible
Wands
 t - a wand of flame (20)
 F - a wand of paralysis (10)
Scrolls
 f - a scroll of magic mapping {unknown}
 h - 2 scrolls of poison {unknown}
 i - 2 scrolls of teleportation {unknown}
 n - a scroll of torment {unknown}
 p - 2 scrolls of fear {unknown}
 r - a scroll of noise {unknown}
 v - 4 scrolls of identify {unknown}
 w - 2 scrolls of enchant weapon {unknown}
 y - 2 scrolls of vulnerability {unknown}
 C - a scroll of fog {unknown}
 D - a scroll of enchant armour {unknown}
Potions
 g - 4 potions of degeneration {unknown}
 k - 2 potions of heal wounds {unknown}
 l - a potion of cancellation {unknown}
 m - 3 potions of attraction {unknown}
 q - 3 potions of mutation {unknown}
 x - a potion of haste
 z - a potion of brilliance {unknown}
 A - 3 potions of invisibility {unknown}
 B - a potion of lignification {unknown}
 E - 2 potions of curing {unknown}
 H - a potion of resistance {unknown}


   Skills:
 + Level 5.1 Fighting
 * Level 7.4 Long Blades
 - Level 1.7 Throwing
 + Level 4.3 Armour
 + Level 5.0 Dodging


You had 8 spell levels left.
You didn't know any spells.
Your spell library contained the following spells:

 Spells                   Type           Power      Damage    Failure   Level
 Apportation              Tloc           0%         N/A       45%         1
 Kiss of Death            Conj/Necr      0%         2d5       45%         1
 Ensorcelled Hibernation  Hex/Ice        0%         N/A       61%         2
 Lesser Beckoning         Tloc           0%         N/A       61%         2
 Passwall                 Tmut/Erth      0%         N/A       61%         2
 Confusing Touch          Hex            0%         N/A       83%         3
 Gell's Gravitas          Tloc           0%         N/A       83%         3
 Inner Flame              Hex/Fire       0%         N/A       83%         3
 Swiftness                Air            0%         N/A       83%         3
 Teleport Other           Tloc           0%         N/A       83%         3
 Dispel Undead            Necr           0%         3d6       99%         4
 Flame Wave               Conj/Fire      0%         2d4       99%         4
 Sticky Flame             Conj/Fire      0%         2d3       99%         4
 Alistair's Intoxication  Tmut/Pois      0%         N/A       100%        5
 Borgnjor's Revivificati  Necr           0%         N/A       100%        8
 Necromutation            Tmut/Necr      0%         N/A       100%        8
 Death's Door             Necr           0%         N/A       100%        9


Dungeon Overview and Level Annotations

Branches:
Dungeon (7/15)             Temple (1/1) D:6         Ossuary (visited)

Altars:
Elyvilon
Gozag
Ru
Uskayaw
Vehumet
Wu Jian

Shops:
D:1 *


Innate Abilities, Weirdness & Mutations

You have razor-sharp teeth.
Your natural rate of healing is unusually fast.
When hurt, damage is shared between your health and your magic reserves.
Your bite disrupts and absorbs the magic of your enemies.
Potions cannot restore your health.


Message History

The killer bee stings you.
The killer bee completely misses you. x2
The jelly barely misses you. The killer bee misses you.
The jelly closely misses you.
You slash the jelly!
You kill the jelly!
The Council accepts your kill. The killer bee barely misses you.
The killer bee stings you.
* * * LOW HITPOINT WARNING * * *
The killer bee closely misses you.
The killer bee stings you but does no damage.
The killer bee barely misses you.
The killer bee stings you but does no damage.
The killer bee stings you.
* * * LOW HITPOINT WARNING * * *
You are poisoned.
The killer bee poisons you! The jelly hits you.
* * * LOW HITPOINT WARNING * * *
You are splashed with acid.
You resist.
* * * LOW HITPOINT WARNING * * *
Okay, then.
Okay, then.
Unknown command.
You slash the jelly!
Your hands burn!
You bite the jelly.
You kill the jelly!
The Council accepts your kill.
You feel very sick. The killer bee completely misses you.
The killer bee closely misses you.
The killer bee stings you but does no damage.
The killer bee misses you. x2; The killer bee stings you.
* * * LOW HITPOINT WARNING * * *
You closely miss the killer bee.
You feel sick. The killer bee misses you. x2
The killer bee completely misses you. The killer bee stings you.
* * * LOW HITPOINT WARNING * * *
You are more poisoned.
The killer bee poisons you! The killer bee stings you.
The killer bee closely misses you. x2
Unknown command.
You slash the killer bee!
The killer bee is severely wounded.
You die...

... ..#...... ###..
..#...... ....!
.##....##........
...##.................
#... #...............
#..# ##...............
##..###........yy......
#...#..........yy#
.=...........fyy@# #
y.............y#yy...#
.y##...........yy.......
.#####.....#..#..#..#...
..# ##.............# ..
.## #.....[.......... .#
##............... ##
#............#.#.. .#
###...........##.#


You could see a sleepcap and 11 killer bees.

Vanquished Creatures
  Maggie (D:6)
  An orc warrior (D:6)
  2 ice beasts (D:6)
  A black bear (D:6)
  An ogre (D:5)
  A phantom (D:6)
  2 elf zombies (Ossuary)
  A kobold brigand (D:6)
  A bullfrog (D:6)
  5 scorpions
  2 howler monkeys
  A centaur zombie (Ossuary)
  4 jellies
  Crazy Yiuf (D:6)
  A human zombie (Ossuary)
  3 orc priests
  A hound (D:5)
  3 iguanas
  2 orc wizards (D:6)
  2 mummies (Ossuary)
  4 gnolls (D:3)
  6 adders
  An adder zombie (Ossuary)
  A dart slug (D:3)
  16 orcs
  6 ball pythons
  5 bats
  18 endoplasms
  2 giant cockroaches
  5 goblins
  A hobgoblin (D:2)
  5 quokkas
  2 frilled lizards (D:1)
  A goblin zombie (Ossuary)
  10 hobgoblin zombies (Ossuary)
  2 jackal zombies (Ossuary)
  18 kobolds
  8 kobold zombies (Ossuary)
  8 orc zombies (Ossuary)
  6 rats
  2 rat zombies (Ossuary)
163 creatures vanquished.

Notes
Turn   | Place    | Note
-------+----------+-------------------------------------------
     0 | D:1      | Ivernyr the Vine Stalker Gladiator began the quest for the
                  | Orb.
     0 | D:1      | Reached XP level 1. HP: 11/11 MP: 2/2
   196 | D:1      | Found Musha Vada's General Store.
   231 | D:1      | Reached XP level 2. HP: 15/15 MP: 3/3
   386 | D:1      | Reached skill level 3 in Long Blades
   918 | D:2      | Reached XP level 3. HP: 18/18 MP: 4/4
  1218 | D:2      | Reached skill level 1 in Armour
  1218 | D:2      | Gained mutation: Your natural rate of healing is unusually
                  | fast. [Vine Stalker growth]
  1218 | D:2      | Reached XP level 4. HP: 8/23 MP: 3/5
  1681 | D:3      | Reached XP level 5. HP: 27/27 MP: 6/6
  2370 | D:3      | Reached skill level 4 in Long Blades
  2576 | D:4      | Found a sand-covered staircase.
  2632 | Ossuary  | Entered an ossuary
  2764 | Ossuary  | Reached XP level 6. HP: 30/32 MP: 4/7
  3099 | D:4      | Reached XP level 7. HP: 36/36 MP: 5/8
  3357 | D:4      | Found a hide-covered altar of Uskayaw.
  3425 | D:4      | Reached skill level 5 in Long Blades
  3524 | D:5      | Entered Level 5 of the Dungeon
  3736 | D:5      | Found a sacrificial altar of Ru.
  4067 | D:6      | Gained mutation: You have razor-sharp teeth. [Vine Stalker
                  | growth]
  4067 | D:6      | Reached XP level 8. HP: 19/42 MP: 4/9
  4086 | D:6      | Reached skill level 6 in Long Blades
  4295 | D:6      | Found a radiant altar of Vehumet.
  4780 | D:6      | Noticed Maggie
  4795 | D:6      | Killed Maggie
  4796 | D:6      | Reached skill level 5 in Fighting
  4796 | D:6      | Reached skill level 7 in Long Blades
  4796 | D:6      | Reached XP level 9. HP: 24/47 MP: 10/10
  4835 | D:6      | Found a staircase to the Ecumenical Temple.
  4843 | Temple   | Entered the Ecumenical Temple
  4851 | Temple   | Became a worshipper of the Wu Jian Council
  4984 | D:6      | Reached skill level 5 in Dodging
  5047 | D:6      | Found an opulent altar of Gozag.
  5120 | D:6      | Found a runed translucent door.
  5121 | D:6      | Noticed Crazy Yiuf
  5254 | D:6      | Killed Crazy Yiuf
  5364 | D:7      | HP: 1/47 [killer bee (4)]
  5365 | D:7      | Succumbed to a killer bee's poison

Illustrated notes

Levels and vault maps discovered:
D:1:      tekkud_arrival_beachfront_property, layout_loops_ring, serial_shops,
          shop
D:2:      cheibrodos_fertilizer, layout_loops_cross
D:3:      layout_basic, roderic_lattice_a, chequers_serial_rivers_small_b
D:4:      layout_gridville, nicolae_uskayaw_dance_hall,
          nicolae_ossuary_entry_ruins
D:5:      layout_rooms, nicolae_ru_sacrificial_ziggurat,
          nicolae_overflow_hidden_temple
D:6:      minmay_skewed_foursquare, layout_loops_corners, kennysheep_mini_moat,
          general_overflow_altar, lightli_orcish_oven, uniq_crazy_yiuf_cottage,
          uniq_maggie
D:7:      layout_layer_cave, lemuel_round_altar
Temple:   dpeg_chambers_temple

Skill      XL: |  1  2  3  4  5  6  7  8  9 |
---------------+----------------------------+-----
Fighting       | 2 3 4 5 |  5.1
Long Blades    | 3 4 5 7 |  7.4
Armour         | 1 2 3 4 |  4.3
Dodging        | 3 4 5 |  5.0
Throwing       | |  1.7

Action                     |  1- 3 |  4- 6 |  7- 9 || total
---------------------------+-------+-------+-------++-------
  Melee: Long sword        |    90 |   190 |   229 ||   509
         Bite              |    18 |    61 |    86 ||   165
         Punch             |     1 |     3 |     4 ||     8
Ability: Lunge             |       |       |     2 ||     2
   Stab: Sleeping          |     3 |     2 |     2 ||     7
 Armour: Leather armour    |    41 |    45 |    43 ||   129
  Dodge: Dodged            |    61 |   187 |   294 ||   542
